 Dungeon Crawl Stone Soup version 0.23.2-1-ga50397a6bc (webtiles) character file.

Game seed: 246971800165406002

13278 Mrkan the Fighter (level 11, -1/105 HPs)
             Began as a Troll Monk on May 21, 2019.
             Shot with an arrow by a centaur warrior (16 damage)
             ... on level 11 of the Dungeon.
             The game lasted 00:25:09 (8745 turns).

Mrkan the Fighter (Troll Monk)                      Turns: 8745, Time: 00:25:10

Health: -1/105     AC: 11    Str: 21    XL:     11   Next: 73%
Magic:  10/10      EV: 14    Int:  6    God:
Gold:   676        SH:  0    Dex: 15    Spells: 10/10 levels left

rFire    . . .     SeeInvis +     - Unarmed
rCold    . . .     Gourm    +   (no shield)
rNeg     . . .     Faith    .   C - +0 troll leather armour
rPois    .         Spirit   .   (helmet restricted)
rElec    .         Reflect  .   (no cloak)
rCorr    .         Harm     .   (gloves unavailable)
MR       .....                  (boots unavailable)
Stlth    ++........             A - amulet of rage
HPRegen  1.07/turn              t - +1 ring of protection
MPRegen  0.12/turn              n - ring of see invisible

@: hasted, very quick
A: large, unfitting armour, claws 3, yellow scales 1, blurry vision 1, fast
metabolism 3, frail 1, gourmand, regeneration 1, shaggy fur 1, tough skin 3
a: Evoke Berserk Rage


You were on level 11 of the Dungeon.
You were completely stuffed.

You visited 1 branch of the dungeon, and saw 11 of its levels.

You collected 676 gold pieces.

Inventory:

Hand Weapons
 p - a +0 giant spiked club of electrocution
 x - the +2 whip of Disintegration {slash, rPois rN+ Int+3 Dex-4}
   (You took it off a centaur on level 5 of the Dungeon)

   It inflicts extra damage upon your enemies.
   It affects your intelligence (+3).
   It affects your dexterity (-4).
   It protects you from poison.
   It protects you from negative energy.
 G - a +1 hand axe of flaming
Missiles
 f - 5 steel javelins (quivered)
 w - 5 tomahawks of dispersal
 F - 7 large rocks
Armour
 a - a +1 robe
 C - a +0 troll leather armour (worn)
Jewellery
 d - an uncursed amulet of guardian spirit
 n - a ring of see invisible (right claw)
 r - an uncursed ring of protection from magic
 t - a +1 ring of protection (left claw)
 A - an amulet of rage (around neck)
 H - an uncursed ring of protection from fire
 J - an uncursed ring of resist corrosion
Wands
 i - a wand of random effects (18)
 k - a wand of enslavement (7)
 l - a wand of paralysis (10)
 y - a wand of polymorph (6)
Scrolls
 g - a scroll of enchant weapon
 o - 4 scrolls of teleportation
 q - 4 scrolls of remove curse
 s - 2 scrolls of amnesia
 u - 4 scrolls of fear
 z - a scroll of noise {unknown}
 B - a scroll of fog
 D - 2 scrolls of magic mapping
 E - a scroll of enchant armour
Potions
 c - 3 potions of degeneration
 e - 2 potions of resistance
 m - 2 potions of mutation
 v - a potion of magic {unknown}
Comestibles
 b - 15 rations
 j - 11 chunks of flesh


   Skills:
 - Level 10.0 Fighting
 - Level 7.7 Throwing
 + Level 7.6 Dodging
 - Level 1.0 Stealth
 + Level 9.8 Unarmed Combat


You had 10 spell levels left.
You didn't know any spells.
Your spell library contained the following spells:

 Spells                   Type           Power        Failure   Level  Hunger
 Freeze                   Ice            #...         50%         1    ##.....
 Shock                    Conj/Air       #...         50%         1    ##.....
 Swiftness                Chrm/Air       #.......     65%         2    ###....
 Throw Frost              Conj/Ice       #.....       65%         2    ###....
 Ozocubu's Armour         Chrm/Ice       #.......     86%         3    ####...
 Static Discharge         Conj/Air       #.......     86%         3    ####...
 Airstrike                Air            #.........   99%         4    #####..
 Summon Ice Beast         Ice/Summ       #.......     99%         4    #####..
 Throw Icicle             Conj/Ice       #.......     99%         4    #####..
 Lightning Bolt           Conj/Air       #.........   100%        5    ######.


Dungeon Overview and Level Annotations

Branches:
Dungeon (11/15)              Lair (0/6) D:10            Orc (0/2) D:10
 Temple: D:4-7

Altars:
The Shining One

Shops:
D:5 !   D:10 :=*[


Innate Abilities, Weirdness & Mutations

You are too large for most types of armour.
You have claws for hands.
Your metabolism is lightning-fast.
You like to eat raw meat.
Your natural rate of healing is unusually fast.
You are covered in fur. (AC +1)
You have extremely tough skin. (AC +3)
You are partially covered in yellow scales. (AC +2)
Scrolls take you a little longer to read.
You are frail. (-10% HP)


Message History

You see here 2 arrows.
Okay, then.
You feel yourself speed up.
The centaur warrior shoots an arrow.
The arrow completely misses you.
The centaur warrior shoots an arrow.
The arrow hits you!
* * * LOW HITPOINT WARNING * * *
You hear a shout!
The centaur shoots an arrow.
The arrow hits you.
* * * LOW HITPOINT WARNING * * *
The centaur warrior shoots an arrow.
The arrow hits you.
* * * LOW HITPOINT WARNING * * *
You see here 3 arrows.
The centaur shoots an arrow.
The arrow hits you!
* * * LOW HITPOINT WARNING * * *
You hear a shout!
You see here an arrow.
Really read with blurry vision while enemies are nearby?
You begin reading the scroll.
You continue reading the scroll.
The centaur warrior shoots an arrow.
The arrow hits you!
You die...

#.#
#.......
#.#
#..)....
#.#
###)####
#.# #.#
#.# #)#
#.# #)#
#.# #†#
#.# #)#
#@# #(##
#(# #>.#
#.# ##.#
#(# #.#
#(# #.#
#.# #.#
#(# #.#
###c####
#####'###
#.c.(..#
#........


You could see a centaur warrior.

Vanquished Creatures
  A two-headed ogre (D:8)
  An unseen horror (D:11)
  A manticore (D:11)
  2 cyclopes (D:11)
  An oklob plant (D:10)
  A troll (D:11)
  A hippogriff (D:9)
  Sigmund (D:3)
  22 yaks
  A wyvern (D:9)
  A water moccasin (D:6)
  2 ice beasts (D:5)
  2 phantoms
  A hornet zombie (D:11)
  8 orc warriors
  2 black bears (D:6)
  5 ogres
  7 centaurs
  6 bullfrogs
  A gnoll sergeant (D:5)
  8 scorpions
  A wyvern skeleton (D:10)
  6 killer bees (D:9)
  2 howler monkeys
  6 centaur zombies
  2 bullfrog zombies
  6 crimson imps
  A jelly (D:10)
  A bullfrog skeleton (D:9)
  9 orc priests
  14 orc wizards
  3 hounds
  Jessica (D:2)
  5 centaur skeletons
  Terence (D:3)
  2 iguanas
  8 worker ants
  2 hound skeletons
  5 gnolls (D:5)
  12 adders
  2 shadow imps
  An ooze (D:1)
  An adder zombie (D:6)
  6 worms
  2 dart slugs
  2 leopard geckos
  64 orcs
  6 bats
  6 giant cockroaches
  8 hobgoblins
  8 jackals
  8 kobolds
  6 quokkas
  5 ball pythons
  7 frilled lizards
  4 goblins
  2 jackal skeletons
  A leopard gecko skeleton (D:6)
  2 quokka skeletons
  A quokka zombie (D:5)
  7 rats
311 creatures vanquished.

Notes
Turn   | Place    | Note
-------+----------+-------------------------------------------
     0 | D:1      | Mrkan the Troll Monk began the quest for the Orb.
     0 | D:1      | Reached XP level 1. HP: 22/22 MP: 0/0
   112 | D:1      | Reached XP level 2. HP: 29/29 MP: 1/1
   303 | D:1      | Reached XP level 3. HP: 36/36 MP: 2/2
  1040 | D:2      | Reached skill level 5 in Unarmed Combat
  1040 | D:2      | Reached XP level 4. HP: 42/44 MP: 3/3
  1152 | D:2      | Noticed Jessica
  1163 | D:2      | Killed Jessica
  1370 | D:3      | Noticed Sigmund
  1389 | D:3      | Killed Sigmund
  1389 | D:3      | Reached XP level 5. HP: 35/50 MP: 4/4
  1389 | D:3      | Reached XP level 6. HP: 42/59 MP: 5/5
  1608 | D:3      | Noticed Terence
  1619 | D:3      | Killed Terence
  1860 | D:3      | Found a glowing golden altar of the Shining One.
  2395 | D:4      | Reached XP level 7. HP: 54/66 MP: 6/6
  3047 | D:5      | Entered Level 5 of the Dungeon
  3199 | D:5      | Reached skill level 1 in Throwing
  3242 | D:5      | Reached skill level 3 in Fighting
  3244 | D:5      | Reached XP level 8. HP: 48/75 MP: 7/7
  3459 | D:5      | Found Moruyz's Distillery.
  3655 | D:5      | Reached skill level 4 in Fighting
  3729 | D:5      | Identified the +2 whip of Disintegration {slash, rPois rN+
                  | Int+3 Dex-4}
  3973 | D:6      | Reached skill level 5 in Fighting
  3984 | D:5      | HP: 1/80 [yak (11)]
  3985 | D:5      | Reached skill level 5 in Throwing
  3985 | D:5      | Reached XP level 9. HP: 2/88 MP: 8/8
  4433 | D:6      | Reached skill level 6 in Fighting
  5177 | D:7      | Reached skill level 7 in Fighting
  5412 | D:8      | Noticed a two-headed ogre
  5432 | D:8      | Killed a two-headed ogre
  5432 | D:8      | Reached XP level 10. HP: 60/102 MP: 9/9
  5709 | D:8      | You fall through a shaft!
  6098 | D:9      | Reached skill level 8 in Fighting
  6865 | D:9      | Reached skill level 5 in Dodging
  6916 | D:10     | Entered Level 10 of the Dungeon
  6923 | D:10     | Found Vuth's Antique Armour Shoppe.
  6940 | D:10     | Found a staircase to the Lair.
  6948 | D:10     | Noticed an oklob plant
  6967 | D:10     | Killed an oklob plant
  6967 | D:10     | Reached skill level 9 in Fighting
  7139 | D:10     | Found a flagged portal.
  7180 | D:10     | Found Nuicolacw's General Store.
  7195 | D:10     | Found a staircase to the Orcish Mines.
  7387 | D:10     | Found Desoaxzo's Book Shop.
  7405 | D:10     | Found Yfaekh's Jewellery Shop.
  7592 | D:10     | Reached XP level 11. HP: 115/115 MP: 10/10
  7925 | D:10     | Gained mutation: Scrolls take you a little longer to read.
                  | [potion of mutation]
  7925 | D:10     | Gained mutation: You are frail. (-10% HP) [potion of
                  | mutation]
  7925 | D:10     | Gained mutation: You are partially covered in yellow
                  | scales. (AC +2) [potion of mutation]
  8378 | D:11     | Noticed an unseen horror
  8387 | D:11     | Killed an unseen horror
  8387 | D:11     | Reached skill level 10 in Fighting
  8732 | D:11     | Noticed a centaur warrior
  8745 | D:11     | Shot with an arrow by a centaur warrior

Skill      XL: |  1  2  3  4  5  6  7  8  9 10 11 |
---------------+----------------------------------+-----
Unarmed Combat | 4 5 6 8 9 |  9.8
Throwing       | 1 5 7 |  7.7
Fighting       | 3 5 7 9 10 | 10.0
Dodging        | 5 7 |  7.6
Stealth        | |  1.0

Action                   |  1- 3 |  4- 6 |  7- 9 | 10-12 || total
-------------------------+-------+-------+-------+-------++-------
Melee: Unarmed           |    89 |   126 |   331 |   443 ||   989
       Punch             |     2 |     6 |    13 |    25 ||    46
 Abil: Evoke Berserk Rag |       |       |       |     2 ||     2
  Use: Scroll            |       |       |    12 |     5 ||    17
       Potion            |       |       |     1 |    10 ||    11
 Stab: Sleeping          |     2 |     1 |     5 |     1 ||     9
       Distracted        |       |       |       |     1 ||     1
  Eat: Chunk             |    15 |    12 |    27 |    34 ||    88
Armor: Robe              |    33 |    30 |    81 |    95 ||   239
       Troll leather arm |       |       |       |    15 ||    15
Dodge: Dodged            |    41 |    53 |   135 |   228 ||   457
